 Dungeon Crawl Stone Soup version 0.23-a0-375-g66a18ee0fb (webtiles) character file.

21629 Kaname the Destroyer (level 12, -3/86 HPs)
             Began as a Demonspawn Wizard on Oct 26, 2018.
             Was an Initiate of Gozag.
             Hit by a large rock thrown by a cyclops (41 damage)
             ... on level 13 of the Dungeon on Oct 27, 2018.
             The game lasted 01:07:15 (15949 turns).

Kaname the Destroyer (Demonspawn Wizard)           Turns: 15949, Time: 01:07:16

Health: -3/86      AC: 11    Str:  7    XL:     12   Next: 55%
Magic:  1/31       EV: 14    Int: 28    God:    Gozag
Gold:   602        SH:  0    Dex: 15    Spells: 3/25 levels left

rFire    . . .     SeeInvis .   P - +2 dagger (chaos)
rCold    + . .     Gourm    .   (no shield)
rNeg     . . .     Faith    .   v - +4 leather armour of Anaesthesia {Int+3 Dex+3}
rPois    .         Spirit   .   b - +0 hat
rElec    .         Reflect  .   Q - +1 cloak
rCorr    .         Harm     .   H - +1 pair of gloves
MR       .....                  (no boots)
Stlth    ++++......             V - amulet of regeneration
HPRegen  0.64/turn              r - ring of magical power
MPRegen  0.22/turn              x - ring of stealth

@: gold aura
A: horns 1, repulsion field 2, cold resistance 1, powered by pain 2
a: Potion Petition, Call Merchant, Bribe Branch, Renounce Religion


You were on level 13 of the Dungeon.
You worshipped Gozag.
Gozag was pleased with you.
You were not hungry.

You visited 2 branches of the dungeon, and saw 15 of its levels.

You collected 1993 gold pieces.
You spent 416 gold pieces at shops.
You paid 975 gold pieces to Gozag.

Inventory:

Hand Weapons
 K - a +1 halberd of pain
 P - a +2 dagger of chaos (weapon)
 W - a +0 blowgun
Missiles
 f - 145 arrows
 G - 5 throwing nets (quivered)
 L - 8 curare-tipped needles
Armour
 b - a +0 hat (worn)
 v - the +4 leather armour of Anaesthesia (worn) {Int+3 Dex+3}
   (You found it on level 5 of the Dungeon)

   It affects your intelligence (+3).
   It affects your dexterity (+3).
 H - a +1 pair of gloves (worn)
 Q - a +1 cloak (worn)
Jewellery
 c - an uncursed ring of fire
 k - an uncursed ring of resist corrosion
 p - an uncursed ring of flight
 r - a ring of magical power (left hand)
 x - a ring of stealth (right hand)
 V - an amulet of regeneration (around neck)
Wands
 q - a wand of random effects (32)
 y - a wand of scattershot (6)
 B - a wand of digging (37)
 D - a wand of disintegration (7)
 M - a wand of paralysis (19)
 O - a wand of polymorph (2)
 R - a wand of iceblast (6)
Scrolls
 g - 5 scrolls of enchant armour
 l - 2 scrolls of immolation
 u - 2 scrolls of magic mapping {unknown}
 w - 9 scrolls of teleportation
 A - a scroll of silence {unknown}
 C - a scroll of random uselessness {unknown}
 E - a scroll of blinking {unknown}
 F - a scroll of fog {unknown}
 J - 5 scrolls of remove curse
 N - 4 scrolls of amnesia
 S - a scroll of enchant weapon {unknown}
 T - a scroll of fear {unknown}
 U - a scroll of identify
Potions
 a - 2 potions of lignification
 e - 4 potions of haste
 h - 2 potions of agility {unknown}
 i - 3 potions of brilliance
 j - 7 potions of flight
 m - 8 potions of curing
 n - 2 potions of mutation {unknown}
 o - 8 potions of heal wounds
 s - a potion of invisibility {unknown}
 t - 2 potions of cancellation {unknown}
 z - 3 potions of might
 I - 2 potions of berserk rage
Comestibles
 d - 15 rations


   Skills:
 - Level 5.1 Fighting
 - Level 6.3 Short Blades
 - Level 1.7 Dodging
 - Level 6.0 Stealth
 - Level 7.0 Spellcasting
 - Level 12.0 Conjurations
   Level 1.0 Summonings
 - Level 2.6 Translocations
 - Level 5.6 Transmutations
 + Level 9.2 Air Magic


You had 3 spell levels left.
You knew the following spells:

 Your Spells              Type           Power        Failure   Level  Hunger
a - Magic Dart            Conj           ####         1%          1    None
b - Blink                 Tloc           N/A          4%          2    None
c - Mephitic Cloud        Conj/Pois/Air  #####...     1%          3    None
d - Conjure Flame         Conj/Fire      #####...     1%          3    None
e - Airstrike             Air            ######....   1%          4    ##.....
f - Lightning Bolt        Conj/Air       ######....   3%          5    #####..
g - Swiftness             Chrm/Air       #####...     1%          2    None
h - Sticks to Snakes      Tmut           #####...     1%          2    None

Your spell library contained the following spells:

 Spells                   Type           Power        Failure   Level  Hunger
 Beastly Appendage        Tmut           #####.       1%          1    None
 Shock                    Conj/Air       ####         1%          1    None
 Static Discharge         Conj/Air       ######..     1%          3    None
 Shroud of Golubria       Chrm/Tloc      ###.......   8%          2    None
 Spider Form              Tmut/Pois      ####......   8%          3    None
 Infusion                 Chrm           #...         9%          1    None
 Call Imp                 Summ           ###.....     9%          2    None
 Slow                     Hex            #.......     12%         2    None
 Song of Slaying          Chrm           #.......     12%         2    None
 Regeneration             Chrm/Necr      #.........   24%         3    None
 Spectral Weapon          Hex/Chrm       #.......     24%         3    None
 Blade Hands              Tmut           #####.....   22%         5    #####..
 Ice Form                 Ice/Tmut       ####....     26%         4    ##.....


Dungeon Overview and Level Annotations

Branches:
Dungeon (14/15)            Temple (1/1) D:7            Lair (0/6) D:8
    Orc (0/2) D:11
 Vaults: D:13-14

Altars:
Ashenzari
Cheibriados
Dithmenos
Elyvilon
Fedhas
Gozag
Hepliaklqana
Kikubaaqudgha
Makhleb
Nemelex Xobeh
Okawaru
Qazlal
Ru
Sif Muna
Trog
Uskayaw
Vehumet
Wu Jian
Xom
Yredelemnul
Zin
The Shining One

Shops:
D:6 [   D:9 !!   D:11 }(*[[?   D:12 :

Annotations:
D:12 Frances
D:14 Louise


Innate Abilities, Weirdness & Mutations

You have a pair of small horns on your head.
You are surrounded by a moderate repulsion field. (EV +3)
Your flesh is cold resistant. (rC+)
You sometimes gain power by taking damage.


Message History

Aim: a two-headed ogre, wielding a +1 dire flail of protection and a +0 giant The air twists around and strikes the two-headed ogre!
You kill the two-headed ogre!
Your Air Magic skill increases to level 9!
Unknown command.
Unknown command.
You hear a bark!
You climb upwards.
Reactivating autopickup.
There is a stone staircase leading down, spattered with blood here.
Casting: Airstrike (safe; 1% risk of failure)
Confirm with . or Enter, or press ? or * to list all spells.
Aiming: Airstrike (safe; 1% risk of failure)
Press: ? - help, Dir - move target cursor, f - cyclops
Aim: a cyclops (heavily wounded)
The air twists around and strikes the cyclops!
The cyclops is heavily wounded.
The cyclops throws a large rock.
The large rock hits you!!!
You die...
Your body crumbles into a pile of gold.

.# ...........# .#
...............# .#
...............#
.###
...............#
...#
........##....#
...# #
............# ...#
#..#####..........#
...#
#.................#
#'###
#......@>.........#
....#
############C.....#
....# #......#
###.# #......#
###.# #......#
....# #....#.#
....##
#######+##......#
......
................#
......
..###......###.#


You could see a cyclops.

Vanquished Creatures
  A hydra (D:11)
  A centaur warrior (D:13)
  5 two-headed ogres
  An unseen horror (D:10)
  Pikel (D:8)
  3 ugly things
  2 deep elf magi (D:8)
  Maurice (D:12)
  A cyclops (D:13)
  2 gargoyles
  Psyche (D:8)
  A kobold demonologist (D:11)
  3 trolls
  A queen bee (D:12)
  A hornet (shapeshifter) (D:13)
  Grinder (D:5)
  A meliai zombie (D:8)
  4 hippogriffs
  Sigmund (D:2)
  A shadow (D:11)
  7 yaks
  A wraith (D:11)
  A steam dragon (D:12)
  A basilisk (D:12)
  2 hungry ghosts
  2 wargs (D:8)
  The ghost of Vakaro the Sneak, an amateur SpEn (D:5)
  5 sky beasts
  5 orc warriors
  4 phantoms
  3 black bears
  An ice beast (D:10)
  3 slaves (D:8)
  8 ogres
  2 eyes of draining (D:12)
  2 necrophages (D:9)
  5 centaurs
  A crocodile (D:9)
  3 big kobolds
  11 bullfrogs
  2 wyvern skeletons (D:10)
  6 scorpions
  24 killer bees
  8 wights
  7 howler monkeys
  7 crimson imps
  4 hounds
  2 jellies
  2 quasits
  A bullfrog zombie (D:12)
  A centaur zombie (D:9)
  5 orc priests
  3 bullfrog skeletons
  3 centaur skeletons
  19 orc wizards
  5 iguanas
  6 worker ants
  Ijyb (D:4)
  A killer bee zombie (D:8)
  2 hound zombies
  3 hound skeletons
  A mummy (D:5)
  A howler monkey zombie (D:7)
  5 worker ant zombies
  7 gnolls
  2 howler monkey skeletons
  10 adders
  A shadow imp (D:5)
  An ooze (D:5)
  An adder skeleton (D:5)
  A worm (D:2)
  4 leopard geckos
  43 orcs
  8 giant cockroaches
  10 goblins
  6 hobgoblins
  13 jackals
  17 kobolds
  6 quokkas
  A ball python (D:3)
  4 frilled lizards
  A jackal skeleton (D:4)
  2 leopard gecko zombies
  2 quokka zombies
  3 rats
363 creatures vanquished.

Vanquished Creatures (collateral kills)
  3 killer bees
3 creatures vanquished.

Vanquished Creatures (others)
  A slave (D:8)
  A killer bee (shapeshifter) (D:9)
  An orc (D:8)
  8 plants (D:12)
11 creatures vanquished.

Grand Total: 377 creatures vanquished

Notes
Turn   | Place    | Note
-------+----------+-------------------------------------------
     0 | D:1      | Kaname the Demonspawn Wizard began the quest for the Orb.
     0 | D:1      | Reached XP level 1. HP: 13/13 MP: 4/4
   225 | D:1      | Reached skill level 2 in Conjurations
   261 | D:1      | Gained mutation: You are surrounded by a mild repulsion
                  | field. (EV +2) [demonic ancestry]
   261 | D:1      | Reached XP level 2. HP: 19/19 MP: 1/6
   425 | D:1      | Learned a level 2 spell: Blink
  1246 | D:2      | Reached skill level 3 in Conjurations
  1354 | D:2      | Reached XP level 3. HP: 24/24 MP: 4/7
  1359 | D:2      | Learned a level 3 spell: Mephitic Cloud
  1856 | D:2      | Reached skill level 4 in Conjurations
  1856 | D:2      | Reached XP level 4. HP: 25/30 MP: 3/8
  1861 | D:2      | Learned a level 3 spell: Conjure Flame
  1900 | D:2      | Noticed Sigmund
  1916 | D:2      | Killed Sigmund
  1916 | D:2      | Reached skill level 5 in Conjurations
  1916 | D:2      | Gained mutation: You are surrounded by a moderate repulsion
                  | field. (EV +3) [demonic ancestry]
  1916 | D:2      | Reached XP level 5. HP: 35/35 MP: 1/9
  2113 | D:3      | Reached skill level 6 in Conjurations
  2259 | D:2      | Reached XP level 6. HP: 38/41 MP: 6/10
  2460 | D:3      | Found a shadowy altar of Dithmenos.
  2717 | D:3      | Found a faded altar of an unknown god.
  3033 | D:4      | Reached skill level 1 in Translocations
  3382 | D:4      | Noticed Ijyb
  3387 | D:4      | Reached skill level 1 in Air Magic
  3387 | D:4      | Gained mutation: Your flesh is cold resistant. (rC+)
                  | [demonic ancestry]
  3387 | D:4      | Reached XP level 7. HP: 27/46 MP: 10/13
  3402 | D:4      | Killed Ijyb
  3911 | D:5      | Entered Level 5 of the Dungeon
  3980 | D:5      | Found a transporter.
  3981 | D:5      | Noticed Vakaro's ghost (amateur SpEn)
  3992 | D:5      | Found a transporter.
  4043 | D:5      | Got a faintly humming leather armour
  4054 | D:5      | Identified the +2 leather armour "Wupn" {rC+ Dex+4} (You
                  | found it on level 5 of the Dungeon)
  4445 | D:5      | Learned a level 4 spell: Airstrike
  4454 | D:5      | Got a shimmering leather armour
  4465 | D:5      | Identified the +4 leather armour of Anaesthesia {Int+3
                  | Dex+3} (You found it on level 5 of the Dungeon)
  4605 | D:6      | Found Sogatott's Antique Armour Emporium.
  4617 | D:5      | Reached XP level 8. HP: 20/52 MP: 14/14
  4621 | D:5      | Reached skill level 7 in Conjurations
  4853 | D:6      | Noticed Grinder
  4858 | D:6      | Paralysed by Grinder for 3 turns
  5090 | D:5      | Killed Grinder
  5090 | D:5      | Reached skill level 5 in Air Magic
  5385 | D:6      | Found a glowing golden altar of the Shining One.
  5774 | D:6      | Reached skill level 5 in Spellcasting
  6057 | D:5      | Killed Vakaro's ghost
  6285 | D:7      | Gained mutation: You sometimes gain a little power by
                  | taking damage. [demonic ancestry]
  6285 | D:7      | Reached XP level 9. HP: 55/57 MP: 16/16
  6382 | D:7      | Reached skill level 8 in Conjurations
  6603 | D:7      | Reached skill level 9 in Conjurations
  6904 | D:7      | Found a shadowy altar of Dithmenos.
  7357 | D:7      | Found a staircase to the Ecumenical Temple.
  7422 | D:7      | Reached skill level 10 in Conjurations
  7869 | D:8      | Noticed Pikel
  7950 | D:8      | Killed Pikel
  7950 | D:8      | Gained mutation: You have a pair of small horns on your
                  | head. [demonic ancestry]
  7950 | D:8      | Reached XP level 10. HP: 63/63 MP: 11/18
  8376 | D:8      | Found a staircase to the Lair.
  8406 | D:8      | Reached skill level 1 in Fighting
  8426 | D:8      | Noticed a deep elf mage
  8533 | D:8      | Noticed a deep elf mage
  8539 | D:8      | Killed a deep elf mage
  8660 | D:8      | Killed a deep elf mage
  8681 | D:8      | Found a shadowy altar of Dithmenos.
  8963 | D:8      | Reached skill level 5 in Fighting
  9094 | D:8      | Reached skill level 1 in Short Blades
  9276 | D:8      | Noticed Psyche
  9279 | D:8      | Killed Psyche
  9308 | D:8      | Found a blossoming altar of Fedhas.
  9441 | Temple   | Entered the Ecumenical Temple
  9627 | D:9      | Found a deep blue altar of Sif Muna.
  9647 | D:9      | Found Akimmono's Distillery.
  9653 | D:9      | Bought a potion of berserk rage for 80 gold pieces
  9653 | D:9      | Bought a potion of heal wounds for 80 gold pieces
  9653 | D:9      | Bought a potion of flight for 48 gold pieces
  9653 | D:9      | Bought a potion of lignification for 48 gold pieces
  9755 | D:9      | Found a burning altar of Makhleb.
 10264 | D:9      | Found Liwatearchu's Distillery.
 10317 | D:9      | Bought a potion of might for 52 gold pieces
 10393 | D:9      | Found a radiant altar of Vehumet.
 10393 | D:9      | Found a stormy altar of Qazlal.
 10393 | D:9      | Found a hazy altar of Hepliaklqana.
 10393 | D:9      | Found a sacrificial altar of Ru.
 10396 | D:9      | Found an opulent altar of Gozag.
 10397 | D:9      | Found a glowing silver altar of Zin.
 10398 | D:9      | Found a white marble altar of Elyvilon.
 10401 | D:9      | Became a worshipper of Gozag Ym Sagoz the Greedy
 10443 | D:10     | Entered Level 10 of the Dungeon
 10662 | D:10     | Killed an unseen horror
 10662 | D:10     | Reached skill level 5 in Short Blades
 10662 | D:10     | Gained mutation: You sometimes gain power by taking damage.
                  | [demonic ancestry]
 10662 | D:10     | Reached XP level 11. HP: 56/79 MP: 11/21
 11106 | D:10     | Noticed a two-headed ogre
 11111 | D:10     | Killed a two-headed ogre
 11522 | D:10     | Found a shimmering altar of Xom.
 11779 | D:11     | Noticed a two-headed ogre
 12043 | D:11     | Found Seargh's Weapon Shoppe.
 12316 | D:11     | Killed a two-headed ogre
 12316 | D:11     | Reached skill level 5 in Stealth
 12475 | D:11     | Found a staircase to the Orcish Mines.
 12991 | D:11     | Noticed a white ugly thing
 13004 | D:11     | Killed a cyan ugly thing
 13326 | D:11     | Noticed a five-headed hydra
 13331 | D:11     | Killed a five-headed hydra
 13337 | D:11     | Reached skill level 11 in Conjurations
 13545 | D:11     | Found Jit Emaysikh's Gadget Boutique.
 13734 | D:11     | Found Saaxidof's Antique Armour Shoppe.
 13735 | D:11     | Found Rahyri's General Store.
 13736 | D:11     | Found Gicuh's Antique Armour Shoppe.
 13736 | D:11     | Found Cituaz's Magic Scroll Shoppe.
 13740 | D:11     | Bought a scroll of identify for 24 gold pieces
 13740 | D:11     | Bought a scroll of identify for 24 gold pieces
 13740 | D:11     | Bought a scroll of identify for 24 gold pieces
 13740 | D:11     | Bought a scroll of teleportation for 36 gold pieces
 13896 | D:11     | Learned a level 5 spell: Lightning Bolt
 13899 | D:11     | Learned a level 2 spell: Swiftness
 13924 | D:12     | Noticed a two-headed ogre
 14070 | D:12     | Learned a level 2 spell: Sticks to Snakes
 14104 | D:12     | Reached skill level 1 in Transmutations
 14120 | D:12     | Killed a two-headed ogre
 14186 | D:12     | Reached XP level 12. HP: 50/86 MP: 21/22
 14544 | D:12     | Noticed a two-headed ogre
 14589 | D:12     | Killed a two-headed ogre
 14754 | D:12     | Noticed Frances
 14792 | D:12     | Reached skill level 5 in Transmutations
 14803 | D:12     | Noticed Maurice
 14828 | D:12     | Paralysed by Maurice for 4 turns
 14950 | D:12     | Paralysed by Maurice for 3 turns
 14966 | D:12     | Killed Maurice
 15360 | D:13     | Found a glowing golden altar of the Shining One.
 15391 | D:13     | Noticed a centaur warrior
 15396 | D:13     | Killed a centaur warrior
 15452 | D:13     | Reached skill level 12 in Conjurations
 15938 | D:14     | Noticed a two-headed ogre
 15944 | D:14     | Noticed Louise
 15945 | D:14     | Killed a two-headed ogre
 15949 | D:13     | Hit by a large rock thrown by a cyclops

Vault maps used:
D:1:      tarquinn_simple_flora_water_e, minmay_misc_feat_alley
D:2:      serial_park_tiny_1, uniq_sigmund
D:3:      chequers_ecumenical_altar_twisty, first_ration, grunt_dithmenos_smoke
D:4:      minmay_splitting_lines, hangedman_abyss_or_decor_passed, uniq_ijyb
D:5:      gammafunk_ghost_mausoleum, minmay_a_box_with_orc_wizards_in_it
D:6:      nicolae_overflow_crystal_walls, serial_shops, shop, uniq_grinder
D:7:      minmay_opposing_rooms, minmay_temple_entry_poolview, grunt_ogre_cave,
          minmay_ruined_shrine
D:8:      fedhas_altar_4, erik_lair_orcish_takeover, david_defended_altar_elf,
          uniq_psyche, uniq_pikel
D:9:      minitemple, makhleb_blood_cavern_becter, serial_shops, shop,
          kennysheep_windowed_goal
D:10:     basic_altar
D:11:     david_orc_2, serial_shops, shop, nicolae_shop_window_shopping,
          minivault_23, minmay_shop_grid_forest
D:12:     nicolae_looking_at_the_future, uniq_maurice, uniq_frances
D:13:     basic_altar
D:14:     david_vaults_1, uniq_josephine, uniq_roxanne, uniq_louise
Temple:   minmay_freezing_vapour_temple

Skill      XL: |  1  2  3  4  5  6  7  8  9 10 11 12 |
---------------+-------------------------------------+-----
Conjurations   | 2 3 4 5 6 7 10 11 12 | 12.0
Spellcasting   | 4 5 7 |  7.0
Translocations | 2 |  2.6
Air Magic      | 1 4 6 8 9 |  9.2
Fighting       | 5 |  5.1
Short Blades   | 5 6 |  6.3
Stealth        | 6 |  6.0
Transmutations | 2 5 |  5.6
Dodging        | |  1.7
Summonings     | |  1.0

Action                   |  1- 3 |  4- 6 |  7- 9 | 10-12 || total
-------------------------+-------+-------+-------+-------++-------
Melee: Whip              |     8 |       |       |       ||     8
       Spear             |    10 |    86 |   118 |       ||   214
       Falchion          |       |       |   161 |    99 ||   260
       Dagger            |       |       |       |   549 ||   549
       Headbutt          |       |       |       |   113 ||   113
 Cast: Magic Dart        |    74 |    84 |   184 |    12 ||   354
       Mephitic Cloud    |       |     3 |     8 |    11 ||    22
       Blink             |       |       |     4 |     3 ||     7
       Conjure Flame     |       |       |     2 |     6 ||     8
       Airstrike         |       |       |    68 |   219 ||   287
       Lightning Bolt    |       |       |       |     6 ||     6
Invok: Call Merchant     |       |       |       |     1 ||     1
Evoke: Wand              |       |       |     4 |    12 ||    16
  Use: Scroll            |       |       |     5 |     5 ||    10
       Potion            |       |       |       |     1 ||     1
 Stab: Sleeping          |     1 |     1 |     1 |     7 ||    10
       Confused          |       |     4 |       |    10 ||    14
       Paralysed         |       |       |       |     4 ||     4
       Distracted        |       |       |       |     3 ||     3
       Petrified         |       |       |       |     1 ||     1
  Eat: Chunk             |     3 |     4 |    21 |    11 ||    39
       Ration            |       |       |     1 |     9 ||    10
Armor: Robe              |       |    11 |     3 |       ||    14
       Leather armour    |       |       |   142 |   232 ||   374
Dodge: Dodged            |    12 |    88 |   296 |   436 ||   832
       Rpst.: Falchion   |       |       |    63 |    53 ||   116

Table legend:
 A = Non-vault XP
 B = Vault XP
 C = Vault XP percentage of total XP
 D = Non-vault monster count
 E = Vault monster count
 F = Vault count percentage of total count
                 A         B        C        D         E       F
            +---------+---------+-------+---------+---------+-------
      Total |   24584 |    6315 |  20.4 |     303 |      61 |  16.8
            +---------+---------+-------+---------+---------+-------
        D:1 |      24 |       0 |   0.0 |      12 |       0 |   0.0
        D:2 |     100 |     227 |  69.4 |      20 |       1 |   4.8
        D:3 |     113 |       0 |   0.0 |      14 |       0 |   0.0
        D:4 |     531 |      32 |   5.7 |      21 |       1 |   4.5
        D:5 |     368 |     667 |  64.4 |      16 |      12 |  42.9
        D:6 |     696 |       0 |   0.0 |      18 |       0 |   0.0
        D:7 |    1071 |     973 |  47.6 |      27 |      13 |  32.5
        D:8 |    1923 |    2796 |  59.2 |      43 |      13 |  23.2
        D:9 |     646 |     241 |  27.2 |      15 |       5 |  25.0
       D:10 |    2974 |       0 |   0.0 |      30 |       0 |   0.0
       D:11 |    6306 |     281 |   4.3 |      50 |       8 |  13.8
       D:12 |    5607 |    1098 |  16.4 |      25 |       8 |  24.2
       D:13 |    3439 |       0 |   0.0 |      11 |       0 |   0.0
       D:14 |     786 |       0 |   0.0 |       1 |       0 |   0.0
            +---------+---------+-------+---------+---------+-------
